 Dungeon Crawl Stone Soup version 0.20.1-1-g8b1a95d (webtiles) character file.

5388 vatarom the Agent of Entropy (level 10, 0/79 HPs)
             Began as a Demonspawn Abyssal Knight on Sept 26, 2017.
             Was a Priest of Lugonu.
             Killed by divine providence
             ... invoked by an orc priest
              (7 damage)
             ... on level 9 of the Dungeon.
             The game lasted 00:28:25 (10705 turns).

vatarom the Agent of Entropy (DsAK)                Turns: 10705, Time: 00:28:26

Health: 0/79       AC:  8    Str: 10 (12) XL:     10   Next: 39%
Magic:  6/16       EV: 19    Int: 14      God:    Lugonu [***...]
Gold:   354        SH:  0    Dex: 14 (16) Spells: 9/9 levels left

rFire    . . .     SeeInvis .     - Unarmed
rCold    + . .     Gourm    .   (no shield)
rNeg     + . .     Faith    .   u - +0 leather armour "Qoifust" {rN+}
rPois    .         Spirit   .   (no helmet)
rElec    .         Reflect  .   e - +1 cloak {MR+}
rCorr    .         Harm     .   (gloves unavailable)
MR       +....                  (no boots)
Stlth    +.........             (no amulet)
Regen    0.3/turn               k - +3 ring of evasion
MPRegen  0.2/turn               a - +3 ring of protection

@: starving
A: claws 3, talons 2, cold resistance 1, foul stench 1, rot immunity
a: Depart the Abyss, Bend Space, Banish, Renounce Religion


You were on level 9 of the Dungeon.
You worshipped Lugonu.
Lugonu was most pleased with you.
You were starving.

You visited 1 branch of the dungeon, and saw 9 of its levels.
You visited the Abyss 1 time.

You collected 354 gold pieces.

Inventory:

Armour
 e - a +1 cloak of magic resistance (worn)
 g - a +0 buckler
 u - the +0 leather armour "Qoifust" (worn) {rN+}
   (You found it on level 7 of the Dungeon)

   It protects you from negative energy.
Jewellery
 a - a +3 ring of protection (right claw)
 j - an uncursed ring of poison resistance
 k - a +3 ring of evasion (left claw)
Wands
 b - a wand of confusion (14/48)
 w - a wand of polymorph (9/24)
Scrolls
 d - a scroll of immolation
 h - 2 scrolls of enchant armour
 i - 2 scrolls of identify
 o - 7 scrolls of remove curse
 q - 3 scrolls of recharging
 t - a scroll of magic mapping
 v - a scroll of enchant weapon
Potions
 l - a potion of brilliance
 p - a potion of cancellation
Comestibles
 c - 3 bread rations
 f - 8 fruits
 n - 4 royal jellies
 s - 3 meat rations


   Skills:
 + Level 7.0 Fighting
   Level 2.2 Long Blades
 - Level 1.7 Armour
 * Level 8.0 Dodging
 * Level 8.2 Unarmed Combat
 + Level 8.7 Invocations


You had 9 spell levels left.
You didn't know any spells.

Dungeon Overview and Level Annotations

Branches:
Dungeon (9/15)             Temple (0/1) D:7
   Lair: D:8-11         Orc: D:9-12

Altars:
Ashenzari
Fedhas
Gozag
Hepliaklqana
Kikubaaqudgha
Nemelex Xobeh
Okawaru
Xom
Yredelemnul
Zin
The Shining One

Shops:
D:7 [

Annotations:
D:6 Asgaroth's ghost, novice DsNe
Abyss:1 Duvessa; Erolcha; Grinder


Innate Abilities, Weirdness & Mutations

You have claws for hands.
You have razor-sharp toenails.
Your flesh is cold resistant. (rC+)
You may emit foul miasma when damaged in melee.
You are immune to rotting.


Message History

You are starving!
You're too hungry.
Unknown command.
The orc priest miscasts a cantrip.
You see here a whip.
The yak bellows!
The orc priest looks encouraged for a moment.
There is an open door here.
There is an open door, spattered with blood here.
Things that are here:
an uncursed shortbow; 14 arrows; a howler monkey corpse
Okay, then.
Okay, then.
Evoke which item? (* to show all) (? for menu, Esc to quit)
Okay, then.
You see here an arrow.
Found 12 gold pieces.
The orc priest invokes the aid of Beogh against you.
Beogh smites you!
You die...

#....#.oY..o.#...
#....##ยง###.(####
#..Y.#..o##..##..
#....#..)##.Y##..
#....#%..##o.##..
#....###'##Y(.'..
#######....#...##...#..
#.....o....#..(.....#..
#$....@o.Y()o.((...####
#..........#######'#
#......#+### ...#
######## ...# ...'
....##


You could see a yak, 2 orc warriors, a sky beast (wandering) and an orc priest.

Vanquished Creatures
  An unseen horror (D:7)
  5 yaks
  A wyvern (D:9)
  An orc warrior (D:9)
  2 sky beasts
  A phantom (D:4)
  An ice beast (D:8)
  4 ogres
  2 centaurs
  A big kobold (D:8)
  2 bullfrogs (D:8)
  Dowan (D:6)
  2 scorpions
  3 crimson imps
  3 howler monkeys
  A bullfrog zombie (D:5)
  4 hounds
  2 bullfrog skeletons
  An orc priest (D:7)
  3 centaur skeletons
  3 iguanas
  4 worker ants
  2 hound skeletons
  A howler monkey zombie (D:7)
  5 gnolls
  2 howler monkey skeletons (D:6)
  7 adders
  2 oozes
  An adder skeleton (D:4)
  A dart slug (D:1)
  3 leopard geckos
  18 orcs
  6 giant cockroaches
  13 goblins
  5 hobgoblins
  12 jackals
  7 quokkas
  A ball python (D:1)
  3 bats
  3 frilled lizards
  11 kobolds
  A leopard gecko skeleton (D:4)
  A quokka skeleton (D:5)
  10 rats
163 creatures vanquished.

Vanquished Creatures (others)
  The ghost of Frank the Covert, a novice OpFi of Dithmenos (D:7)
  A hornet (D:9)
  3 yaks (D:9)
  An ice beast (D:6)
  A scorpion (D:6)
  An orc priest (D:9)
  A quokka (D:9)
9 creatures vanquished.

Grand Total: 172 creatures vanquished

Notes
Turn   | Place    | Note
-------+----------+-------------------------------------------
     0 | Abyss:1  | vatarom the Demonspawn Abyssal Knight began the quest for the Orb.
     0 | Abyss:1  | Reached XP level 1. HP: 18/18 MP: 2/2
   175 | D:1      | Escaped the Abyss
   262 | D:1      | Reached skill level 1 in Dodging
   329 | D:1      | Gained mutation: You have sharp fingernails. [demonic ancestry]
   329 | D:1      | Reached XP level 2. HP: 24/24 MP: 3/3
   506 | D:1      | Reached ** piety under Lugonu
   556 | D:1      | Found a glowing golden altar of the Shining One.
   738 | D:2      | Gained mutation: You are immune to rotting. [demonic ancestry]
   738 | D:2      | Reached XP level 3. HP: 29/29 MP: 5/5
   825 | D:2      | Reached skill level 1 in Unarmed Combat
  1072 | D:2      | Found a basalt altar of Yredelemnul.
  1395 | D:2      | Found a shimmering altar of Xom.
  1896 | D:3      | Found a hazy altar of Hepliaklqana.
  2163 | D:3      | Gained mutation: You have sharp toenails. [demonic ancestry]
  2163 | D:3      | Reached XP level 4. HP: 35/35 MP: 6/6
  3027 | D:4      | Got an ancient robe
  3028 | D:4      | Identified the +1 robe of Divine Intervention {Int+4} (You found it on level 4 of the Dungeon)
  3110 | D:4      | Found a sparkling altar of Nemelex Xobeh.
  3221 | D:4      | Found a glowing golden altar of the Shining One.
  3224 | D:4      | Found a shattered altar of Ashenzari.
  3241 | D:4      | Gained mutation: You have very sharp fingernails. [demonic ancestry]
  3241 | D:4      | Reached XP level 5. HP: 34/41 MP: 6/8
  3805 | D:4      | Noticed a phantom
  4039 | D:5      | Entered Level 5 of the Dungeon
  4075 | D:5      | Found a blossoming altar of Fedhas.
  4280 | D:5      | Noticed a sky beast
  4323 | D:5      | Reached *** piety under Lugonu
  4323 | D:5      | Reached XP level 6. HP: 13/48 MP: 9/9
  5556 | D:4      | Gained mutation: Your flesh is cold resistant. (rC+) [demonic ancestry]
  5556 | D:4      | Reached XP level 7. HP: 45/54 MP: 10/10
  5845 | D:4      | Found an iron altar of Okawaru.
  6010 | D:5      | Noticed Grinder
  6014 | D:5      | Banished Grinder
  6014 | D:5      | Reached skill level 5 in Invocations
  6696 | D:6      | Noticed Dowan
  6699 | D:6      | Noticed Duvessa
  6725 | D:6      | Banished Duvessa
  6734 | D:6      | Noticed Asgaroth's ghost (novice DsNe)
  7122 | D:6      | Found an opulent altar of Gozag.
  7122 | D:6      | Found a glowing silver altar of Zin.
  7220 | D:5      | Gained mutation: You may emit foul miasma when damaged in melee. [demonic ancestry]
  7220 | D:5      | Reached XP level 8. HP: 50/61 MP: 12/12
  7288 | D:6      | Killed Dowan
  7747 | D:6      | Reached skill level 5 in Fighting
  7863 | D:6      | Reached skill level 5 in Dodging
  8134 | D:7      | Found a staircase to the Ecumenical Temple.
  8140 | D:7      | Reached skill level 5 in Unarmed Combat
  8203 | D:7      | Noticed Frank's ghost (novice OpFi)
  8209 | D:7      | Banished Frank's ghost
  8319 | D:7      | Found a shimmering altar of Xom.
  8386 | D:7      | Found Kiuheob's Antique Armour Shoppe.
  8423 | D:7      | Got a bloodstained leather armour
  8434 | D:7      | Identified the +0 leather armour "Qoifust" {rN+} (You found it on level 7 of the Dungeon)
  8963 | D:7      | Killed an unseen horror
  8963 | D:7      | Gained mutation: You have claws for hands. [demonic ancestry]
  8963 | D:7      | Reached XP level 9. HP: 17/69 MP: 12/14
  9326 | D:8      | Found a glowing silver altar of Zin.
  9532 | D:8      | Found an ancient bone altar of Kikubaaqudgha.
 10344 | D:9      | Gained mutation: You have razor-sharp toenails. [demonic ancestry]
 10344 | D:9      | Reached XP level 10. HP: 29/77 MP: 10/16
 10587 | D:9      | Noticed a two-headed ogre
 10589 | D:9      | Noticed Erolcha
 10619 | D:9      | Banished Erolcha
 10635 | D:9      | Banished a two-headed ogre
 10705 | D:9      | Killed from afar by an orc priest

Skill      XL: |  1  2  3  4  5  6  7  8  9 10 |
---------------+-------------------------------+-----
Long Blades    | 2 |  2.2
Dodging        | 1 2 3 4 6 7 8 |  8.0
Invocations    | 3 4 5 7 8 |  8.7
Unarmed Combat | 1 2 3 4 6 7 8 |  8.2
Fighting       | 4 5 6 7 |  7.0
Armour         | |  1.7

Action                   |  1- 3 |  4- 6 |  7- 9 | 10-12 || total
-------------------------+-------+-------+-------+-------++-------
Melee: Falchion          |   117 |    82 |       |       ||   199
       Punch             |     2 |     2 |     5 |     2 ||    11
       Kick              |       |    47 |    84 |    10 ||   141
       Unarmed           |       |   106 |   336 |    54 ||   496
Invok: Banish            |       |       |     7 |     6 ||    13
       Bend Space        |       |       |       |     1 ||     1
  Use: Scroll            |     7 |     4 |     9 |     1 ||    21
       Potion            |    10 |     3 |     1 |     2 ||    16
 Stab: Sleeping          |     3 |       |     1 |       ||     4
       Distracted        |       |       |     1 |       ||     1
  Eat: Chunk             |     4 |     3 |     3 |     1 ||    11
       Bread ration      |       |     3 |     2 |       ||     5
Armor: Leather armour    |    24 |    27 |    64 |    15 ||   130
       Skin              |     9 |       |       |       ||     9
Dodge: Dodged            |    60 |   160 |   263 |    54 ||   537
       Rpst.: Falchion   |    20 |    21 |       |       ||    41
